Map: Lerilak Crest

Players

sciinsane - Winner!

  • Race: Zerg Zerg
  • League: Platinum

LilDicky

  • Race: Terran Terran
  • League: Diamond

VOD

http://www.twitch.tv/tumescentpie

Description

Time

  • Played on: Nov. 27, 2015, 11:36 p.m.
  • Length: 12:38
Show
View Real Time Build Order
Export as new Build Order

sciinsane Zerg - Winner!

Build Orders: Hatch First, Muta Ling Bane 

Get SALT Encoding   

  12  0:02  Drone  
  13  0:12  Overlord  
  13  0:17  Drone  
  14  0:32  Drone x2  
  16  0:57  Hatchery  
  16  0:58  Evolution Chamber  
  16  1:01  Spawning Pool  
  14  1:04  Drone  
  14  1:05  Drone x2  
  17  1:29  Hatchery  
  17  1:32  Drone  
  17  1:35  Extractor  
  17  1:37  Drone  
  17  1:41  Drone  
  18  1:51  Queen  
  20  2:01  Zergling x4  
  22  2:13  Overlord  
  22  2:31  Queen  
  22  2:33  Drone x2  
  22  2:37  Metabolic Boost  
  26  2:44  Queen  
  27  2:58  Drone  
  27  2:59  Drone x3  
  31  3:11  Drone x3  
  31  3:12  Drone  
  35  3:14  Overlord  
  35  3:34  Queen  
  35  3:35  Drone  
  35  3:36  Drone x4  
  42  3:42  Roach Warren  
  42  3:44  Drone  
  42  3:45  Drone x2  
  44  4:05  Extractor  
  44  4:07  Extractor x2  
  41  4:20  Drone x3  
  44  4:24  Baneling Nest, Overlord  
  44  4:26  Overlord  
  44  4:27  Overlord  
  43  4:32  Drone  
  44  4:39  Lair  
  44  4:44  Drone x3  
  44  4:45  Drone x3  
  50  4:46  Hatchery  
  48  4:59  Zergling x10  
  53  5:04  Drone  
  54  5:32  Hatchery  
  53  5:37  Centrifical Hooks  
  53  5:40  Hatchery  
  53  5:42  Evolution Chamber  
  51  5:43  Evolution Chamber, Drone x3  
  51  5:44  Drone  
  51  5:45  Drone x5  
  59  6:05  Zergling x14  
  66  6:12  Zerg Ground Armor Level 1, Zerg Melee Weapons Level 1  
  66  6:13  Glial Reconstitution  
  66  6:19  Spire  
  65  6:27  Baneling x3  
  65  6:28  Baneling x3  
  65  6:49  Drone x4  
  65  6:50  Drone x7, Overlord x2  
  65  6:51  Overlord  
  78  6:54  Roach  
  78  6:55  Extractor  
  78  6:57  Roach  
  78  6:58  Overlord  
  78  6:59  Extractor  
  77  7:09  Zergling x4  
  77  7:10  Zergling x8  
  68  7:31  Zergling x2  
  68  7:32  Zergling x18  
  68  7:33  Zergling x12  
  78  7:37  Zergling x2  
  78  7:41  Queen x2  
  82  7:55  Baneling x4  
  82  7:56  Baneling x3  
  80  8:15  Drone x2  
  80  8:16  Drone x3  
  80  8:17  Drone  
  80  8:18  Burrow  
  86  8:22  Overseer  
  86  8:43  Drone x3  
  86  8:47  Mutalisk  
  86  8:48  Mutalisk x7  
  91  8:50  Mutalisk  
  107  8:57  Mutalisk  
  107  8:58  Mutalisk  
  89  9:32  Mutalisk x6  
  89  9:33  Mutalisk x4  
  100  9:42  Mutalisk  
  94  10:18  Zergling x12  
  94  10:19  Zergling x6  
  102  10:30  Queen x2  
  105  10:37  Queen  
  101  10:44  Queen  
  101  10:46  Hatchery  
  101  10:48  Zergling x4  
  101  10:49  Zergling x8  
  104  11:00  Baneling x2  
  104  11:01  Baneling x4  
  104  11:04  Zergling x4  
  86  11:31  Zergling x2  
  86  11:32  Zergling x14  
  94  11:49  Zergling x4  
  94  11:50  Zergling x4  
  96  12:05  Zergling x2  
  96  12:06  Zergling x22  
  96  12:07  Baneling x5  
  96  12:08  Baneling x5  
Show
View Real Time Build Order
Export as new Build Order

LilDicky Terran 

Build Orders: Command Center First (CC), MMM Bio 

Get SALT Encoding   

  12  0:01  SCV  
  13  0:13  SCV  
  14  0:25  SCV  
  15  0:29  Supply Depot  
  15  0:50  SCV  
  16  0:58  Command Center  
  16  1:03  SCV  
  17  1:16  Barracks  
  17  1:21  SCV  
  18  1:26  Refinery  
  18  1:37  SCV  
  19  1:49  SCV  
  20  2:01  SCV  
  20  2:02  Marine  
  22  2:11  Orbital Command  
  23  2:15  Orbital Command  
  23  2:20  Marine  
  23  2:38  Marine  
  23  2:39  Factory  
  23  2:41  Barracks  
  24  2:44  Barracks  
  22  2:59  Marine  
  22  3:00  SCV  
  22  3:01  SCV  
  25  3:06  Refinery  
  25  3:12  SCV  
  26  3:24  Orbital Command  
  25  3:35  Factory Tech Lab, Barracks Tech Lab  
  25  3:36  Barracks Tech Lab  
  25  3:41  Supply Depot  
  25  3:47  Bunker  
  25  3:48  SCV  
  26  3:51  Barracks Reactor  
  26  3:52  SCV  
  27  3:56  Refinery  
  27  3:58  Stimpack  
  27  3:59  Marine x2  
  27  4:00  SCV  
  27  4:01  Hellion  
  32  4:04  SCV  
  32  4:07  Combat Shields  
  33  4:12  SCV, Supply Depot  
  33  4:16  SCV  
  35  4:17  Marine x2  
  35  4:24  SCV, Barracks  
  37  4:25  Barracks  
  38  4:32  Marine x2  
  40  4:41  Marine  
  40  4:42  Marine  
  40  4:43  SCV x2  
  44  4:57  Siege Tank  
  44  4:59  Marine  
  47  5:00  Marine x3  
  47  5:01  SCV  
  47  5:02  Starport  
  52  5:07  Bunker  
  52  5:08  SCV  
  52  5:11  Supply Depot  
  52  5:13  SCV  
  54  5:16  Barracks Tech Lab  
  54  5:17  Barracks Reactor  
  54  5:19  Supply Depot  
  54  5:25  SCV, Marine  
  54  5:33  SCV, Marine x3  
  54  5:35  Supply Depot  
  58  5:37  SCV  
  58  5:40  Supply Depot  
  59  5:45  SCV  
  59  5:46  Starport Reactor  
  59  5:47  Siege Tank  
  59  5:49  SCV  
  64  5:50  Marine  
  64  5:52  Supply Depot, Marine  
  64  5:55  Concussive Shells, Marine  
  67  5:57  SCV  
  67  5:59  Marine  
  67  6:01  SCV, Marine  
  67  6:02  Marine  
  67  6:03  Marine  
  73  6:08  Marine  
  73  6:09  SCV, Engineering Bay  
  75  6:13  SCV  
  75  6:16  Supply Depot  
  76  6:19  Marauder, Marine  
  76  6:20  Marauder  
  76  6:21  SCV  
  76  6:24  Medivac  
  76  6:25  Medivac  
  86  6:29  Marine x2  
  86  6:30  SCV  
  89  6:36  Supply Depot  
  89  6:38  Marine x2  
  93  6:42  Terran Infantry Weapons Level 1  
  93  6:44  Marine x2  
  93  6:45  Marauder  
  95  6:50  Supply Depot  
  79  7:23  Marine x2  
  79  7:24  Marauder x2  
  79  7:25  Siege Tank, Medivac  
  87  7:40  Medivac  
  87  7:41  Marine x2  
  87  7:42  Marine  
  87  7:43  Marauder  
  95  7:44  SCV x2  
  95  7:46  Command Center, Marine  
  95  7:48  Refinery  
  95  7:51  Marine x2  
  98  8:04  Marauder  
  92  8:10  Siege Tank, Marine x2  
  92  8:11  Marauder x2  
  92  8:12  SCV x2  
  102  8:17  Supply Depot  
  102  8:19  Marine  
  102  8:20  Supply Depot, Marine  
  102  8:25  Marauder  
  106  8:28  Marine  
  106  8:30  Marine  
  106  8:32  Marauder  
  106  8:33  Marauder  
  112  8:37  Marine  
  112  8:41  Supply Depot, Medivac x2  
  113  8:42  Supply Depot  
  113  8:47  Supply Depot, Marauder  
  113  8:48  Supply Depot, Marine  
  119  8:50  Marine x2  
  119  8:53  Marine  
  119  8:54  Marauder  
  125  8:57  Marine  
  126  9:08  Marauder  
  128  9:14  Marauder, Marine  
  128  9:15  Marauder  
  127  9:24  Marine x2  
  127  9:25  Marine  
  127  9:30  Marauder  
  125  9:31  Marine  
  125  9:35  Missile Turret  
  125  9:36  Marauder  
  125  9:37  Missile Turret, Marauder  
  125  9:38  Missile Turret  
  128  9:42  Marine x2  
  128  9:43  Marine  
  131  9:51  Marauder  
  125  9:57  Marauder  
  125  9:59  Marine  
  120  10:00  Marauder  
  116  10:09  SCV  
  116  10:12  Marauder  
  116  10:13  Missile Turret  
  109  10:16  Missile Turret, Marine x2  
  109  10:20  Missile Turret  
  100  10:26  Planetary Fortress  
  100  10:29  Terran Infantry Armor Level 1  
  100  10:31  Armory  
  101  10:35  SCV x2  
  101  10:42  Marine  
  99  10:46  Marine x2  
  99  10:47  SCV, Marauder x2  
  106  10:51  Medivac x2  
  106  10:52  Marine  
  106  10:53  Marauder  
  79  11:18  Marine  
  79  11:19  Marine x6  
  76  11:26  Missile Turret  
  76  11:27  SCV x2, Missile Turret x2  
  75  11:35  Missile Turret  
  75  11:36  Missile Turret, Marine x2  
  75  11:37  Marauder, Missile Turret, Marine x3  
  82  11:40  Missile Turret  
  82  11:47  Marine  
  82  11:54  Marine x4  
  75  12:03  Marine x2  
  75  12:05  SCV x2, Marine  
  76  12:12  Marine x4  
  74  12:24  Missile Turret  
  74  12:25  Missile Turret  
Tags
 
Add a new tag
Caveats
  • Supply blocks, unpowered buildings, or Contaminate may cause inaccurate times.
  • Supply counts are checked every 10 seconds.